 Dungeon Crawl Stone Soup version 0.26.0-10-g1f06aea511 (webtiles) character file.

Game seed: 13081463055738868858

2549 Borgoz the Slasher (level 9, 0/75 HPs)
             Began as a Ghoul Gladiator on Feb 1, 2021.
             Was a Follower of Dithmenos.
             Slain by a basilisk (6 damage)
             ... while petrified by a basilisk
             ... on level 8 of the Dungeon.
             The game lasted 00:09:18 (8083 turns).

Borgoz the Slasher (Ghoul Gladiator)                Turns: 8083, Time: 00:09:19

Health: 0/75       AC: 10    Str: 18    XL:     9   Next: 56%
Magic:  8/8        EV:  2    Int:  3    God:    Dithmenos [*.....]
Gold:   328        SH:  0    Dex: 13    Spells: 8/8 levels left

rFire    . . .     SeeInvis .   a - +0 long sword
rCold    + . .     Faith    .   (no shield)
rNeg     + + +     Spirit   .   r - +0 ring mail
rPois    ∞         Reflect  .   c - +1 helmet
rElec    .         Harm     .   (no cloak)
rCorr    .         Rampage  .   (no gloves)
Will     .....                  i - +0 pair of boots
Stlth    +.........             (no amulet)
HPRegen  0.00/turn              (no ring)
MPRegen  0.11/turn              (no ring)

@: petrified, wreathed by umbra
A: claws 1, cold resistance 1, negative energy resistance 3, inhibited
regeneration, torment resistance, unbreathing
a: Renounce Religion


You were on level 8 of the Dungeon.
You worshipped Dithmenos.
Dithmenos was aware of your devotion.
You visited 2 branches of the dungeon, and saw 9 of its levels.

You collected 328 gold pieces.

Inventory:

Hand Weapons
 a - a +0 long sword (weapon)
 b - a +0 dagger of venom
 t - a +0 great sword
Missiles
 d - 3 throwing nets (quivered)
Armour
 c - a +1 helmet (worn)
 i - a +0 pair of boots (worn)
 r - a +0 ring mail (worn)
Wands
 g - a wand of acid (11)
 h - a wand of iceblast (9)
 o - a wand of flame (31)
Scrolls
 e - 7 scrolls of teleportation
 f - 2 scrolls of fog
 q - a scroll of blinking
 u - a scroll of enchant armour
 v - a scroll of magic mapping
Potions
 j - 2 potions of haste
 k - 3 potions of curing
 l - a potion of flight {unknown}
 m - 2 potions of ambrosia
 n - a potion of lignification {unknown}
 p - a potion of heal wounds
 s - a potion of cancellation


   Skills:
 + Level 6.0 Fighting
 * Level 7.2 Long Blades
 - Level 1.7 Throwing
 * Level 6.6 Armour
 + Level 5.3 Dodging


You had 8 spell levels left.
You didn't know any spells.
Your spell library contained the following spells:

 Spells                   Type           Power        Failure   Level
 Summon Small Mammal      Summ           0%           71%         1
 Call Imp                 Summ           0%           83%         2
 Call Canine Familiar     Summ           0%           97%         3
 Summon Guardian Golem    Hex/Summ       0%           97%         3
 Summon Ice Beast         Ice/Summ       0%           100%        4
 Summon Lightning Spire   Summ/Air       0%           100%        4


Dungeon Overview and Level Annotations

Branches:
Dungeon (8/15)             Temple (1/1) D:4            Lair (0/6) D:8

Altars:
Ashenzari
Cheibriados
Dithmenos
Elyvilon
Fedhas
Gozag
Kikubaaqudgha
Makhleb
Nemelex Xobeh
Okawaru
Qazlal
Ru
Sif Muna
Trog
Uskayaw
Vehumet
Wu Jian
Xom
Yredelemnul
Zin
The Shining One

Annotations:
D:3 1 runed translucent door, IHuginn's ghost, amateur GnWn


Innate Abilities, Weirdness & Mutations

You thrive by killing the living.
You are immune to poison.
You have sharp fingernails.
Your flesh is cold resistant. (rC+)
You are immune to negative energy. (rN+++)
You do not regenerate when monsters are visible.
You are immune to unholy pain and torment.
You can survive without breathing.


Message History

You are shoved backwards!
The elephant tramples you.
* * * LOW HITPOINT WARNING * * *
You hold your ground!
The elephant trunk-slaps you but does no damage.
The basilisk bites you!
* * * LOW HITPOINT WARNING * * *
The elephant tramples you.
You hold your ground!
The elephant trunk-slaps you. The basilisk bites you!
* * * LOW HITPOINT WARNING * * *
The elephant tramples you!
* * * LOW HITPOINT WARNING * * *
You hold your ground!
The elephant trunk-slaps you.
* * * LOW HITPOINT WARNING * * *
The basilisk bites you.
The elephant tramples you but does no damage.
The elephant trunk-slaps you.
* * * LOW HITPOINT WARNING * * *
The basilisk bites you!
You die...

... .. .. .. ######
.#####....#
.##.##....#########
n##.##........nl@.#
.##.#..<.......Y..+
.##.#............$#
S.....................
#########.........####
###+#######


You could see an elephant, a basilisk and a necrophage.

Vanquished Creatures
  Pikel (D:7)
  Sigmund (D:6)
  A wyvern (D:8)
  An ice beast (D:5)
  An orc warrior (D:6)
  A sky beast (D:5)
  2 black bears
  3 ogres
  3 bullfrogs
  A scorpion (D:5)
  4 wights (D:6)
  2 jellies
  A hound (D:4)
  3 orc priests
  4 orc wizards
  A bullfrog skeleton (D:6)
  A centaur skeleton (D:6)
  3 worker ants
  A howler monkey zombie (D:4)
  10 adders
  4 white imps
  An ooze (D:1)
  A worm (D:2)
  2 dart slugs
  5 leopard geckos
  12 orcs
  12 bats
  5 giant cockroaches
  10 hobgoblins
  5 jackals
  10 kobolds
  5 quokkas
  2 ball pythons
  3 frilled lizards
  16 goblins
  12 rats
150 creatures vanquished.

Notes
Turn   | Place    | Note
-------+----------+-------------------------------------------
     0 | D:1      | Borgoz the Ghoul Gladiator began the quest for the Orb.
     0 | D:1      | Reached XP level 1. HP: 17/17 MP: 0/0
    86 | D:1      | Reached XP level 2. HP: 16/25 MP: 1/1
   177 | D:1      | Reached skill level 3 in Long Blades
   189 | D:1      | Reached skill level 1 in Armour
   500 | D:1      | Reached XP level 3. HP: 30/30 MP: 2/2
  1277 | D:2      | Reached XP level 4. HP: 37/37 MP: 3/3
  2294 | D:3      | Found a runed translucent door.
  2306 | D:3      | Noticed a hornet
  2306 | D:3      | Noticed IHuginn's ghost (amateur GnWn)
  2466 | D:3      | Reached XP level 5. HP: 44/44 MP: 4/4
  2488 | D:3      | Found a glowing silver altar of Zin.
  3497 | D:4      | Noticed an ogre
  3506 | D:4      | Killed an ogre
  3507 | D:4      | Reached skill level 4 in Long Blades
  3507 | D:4      | Reached XP level 6. HP: 31/51 MP: 5/5
  3735 | D:4      | Found a staircase to the Ecumenical Temple.
  3787 | Temple   | Entered the Ecumenical Temple
  4009 | Temple   | Became a worshipper of Dithmenos the Shadowed
  4283 | D:4      | Found a glowing golden altar of the Shining One.
  4368 | D:4      | Lost intelligence.
  4468 | D:5      | Entered Level 5 of the Dungeon
  4484 | D:5      | Noticed an ice beast
  4497 | D:5      | Killed an ice beast
  4534 | D:5      | Reached XP level 7. HP: 58/58 MP: 6/6
  5324 | D:5      | Reached skill level 5 in Long Blades
  5329 | D:5      | Reached * piety under Dithmenos
  5659 | D:6      | Noticed Sigmund
  5674 | D:6      | Killed Sigmund
  5675 | D:6      | Reached XP level 8. HP: 59/67 MP: 7/7
  5951 | D:6      | Reached skill level 5 in Armour
  6189 | D:6      | Reached skill level 6 in Long Blades
  6195 | D:6      | Reached skill level 5 in Fighting
  7183 | D:7      | Reached XP level 9. HP: 62/74 MP: 8/8
  7458 | D:7      | Noticed Pikel
  7483 | D:7      | Killed Pikel
  7484 | D:7      | Reached skill level 7 in Long Blades
  7484 | D:7      | Reached skill level 5 in Dodging
  7759 | D:7      | Found a radiant altar of Vehumet.
  8035 | D:8      | Found a staircase to the Lair.
  8036 | D:8      | Noticed an elephant
  8083 | D:8      | Slain by a basilisk

Illustrated notes

Levels and vault maps discovered:
D:1:      dpeg_arrival_round_c, layout_basic, st_stairs_7,
          minmay_misc_feat_pillars
D:2:      layout_loops_corners
D:3:      layout_loops_cross, nicolae_overflow_crystal_walls,
          serial_co_window_serial, co_window_paths_b,
          co_window_of_opportunity_a, co_window_of_opportunity_a,
          co_window_paths_a, co_window_of_opportunity_a, co_window_paths_a,
          co_window_broadway_c, co_window_corner_cb, co_window_corner_b,
          co_window_of_opportunity_b, co_window_2corner, co_window_corner_b,
          co_window_4corner_b, glass_columns_c, glass_columns_a,
          ebering_ghost_inner_flame
D:4:      layout_loops_ring, lemuel_doored_altar, minmay_temple_entry_grid
D:5:      layout_loops_ring, minmay_ogre_servants
D:6:      layout_basic, uniq_sigmund
D:7:      layout_basic, vehumet_altar_wand_db, corexii_leaking_fountain,
          uniq_pikel
D:8:      layout_basic, old_standard_altar, david_lair_generic,
          chequers_arboretum
Temple:   dpeg_five_rooms_temple

Skill      XL: |  1  2  3  4  5  6  7  8  9 |
---------------+----------------------------+-----
Long Blades    | 3 4 5 6 7 |  7.2
Armour         | 1 2 3 4 5 6 |  6.6
Dodging        | 3 4 5 |  5.3
Fighting       | 3 4 5 6 |  6.0
Throwing       | |  1.7

Action                   |  1- 3 |  4- 6 |  7- 9 || total
-------------------------+-------+-------+-------++-------
Melee: Long sword        |    98 |   187 |   296 ||   581
       Dagger            |       |       |     1 ||     1
Throw: Throwing net      |       |       |     8 ||     8
Evoke: Wand              |       |       |     3 ||     3
  Use: Scroll            |       |    13 |     5 ||    18
       Potion            |       |       |     3 ||     3
 Stab: Sleeping          |     1 |       |       ||     1
       Held in net/web   |       |       |     3 ||     3
Armor: Leather armour    |    35 |    13 |       ||    48
       Ring mail         |       |    58 |   140 ||   198
Dodge: Dodged            |    71 |   131 |   250 ||   452
       Rpst.: Long sword |    20 |    37 |    75 ||   132
